 Dungeon Crawl Stone Soup version 0.28.0-49-g6dfe1f597d (webtiles) character file.

Game seed: 12106514717655406965

340 acdeimund the Digger (level 6, -1/33 HPs)
             Began as a Deep Elf Earth Elementalist on May 19, 2022.
             Slain by Grinder (6 damage)
             ... on level 3 of the Dungeon.
             The game lasted 00:17:29 (3948 turns).

acdeimund the Digger (Deep Elf Earth Elementalist)  Turns: 3948, Time: 00:17:29

Health: -1/33      AC:  2    Str:  5    XL:     6   Next: 30%
Magic:  9/12       EV: 13    Int: 22    God:
Gold:   95         SH:  0    Dex: 15    Spells: 7/11 levels left

rFire   + . .      SeeInvis .   i - +4 whip (venom)
rCold   . . .      Faith    .   (no shield)
rNeg    . . .      Spirit   .   b - +0 robe
rPois   .          Reflect  .   (no helmet)
rElec   .          Harm     .   (no cloak)
rCorr   .          Rampage  .   (no gloves)
Will    .....                   (no boots)
Stlth   +.........              (no amulet)
HPRegen 0.11/turn               l - ring of protection from fire
MPRegen 0.13/turn               (no ring)

@: confused, ambrosia-drunk
A: no striking features
a: no special abilities


You were on level 3 of the Dungeon.
You visited 1 branch of the dungeon, and saw 3 of its levels.

You collected 95 gold pieces.

Inventory:

Hand Weapons
 a - a +0 club
 g - a +0 short sword
 h - a +0 dagger
 i - a +4 whip of venom (weapon)
Missiles
 c - 4 stones
 q - 9 poisoned darts
Armour
 b - a +0 robe (worn)
Magical Staves
 j - a staff of earth
Jewellery
 e - a +6 ring of strength
 l - a ring of protection from fire (left hand)
Wands
 r - a wand of digging (4)
Scrolls
 k - a scroll of identify
 m - a scroll of summoning {unknown}
Potions
 d - a potion of lignification
 f - 2 potions of mutation
 n - a potion of brilliance
 o - a potion of attraction
 p - a potion of might
 t - a potion of heal wounds {unknown}
 u - a potion of curing


   Skills:
 + Level 0.3 Fighting
 + Level 2.7 Dodging
 + Level 2.7 Stealth
 + Level 3.2 Spellcasting
 * Level 5.0 Conjurations
 - Level 1.1 Transmutations
 + Level 5.3 Earth Magic


You had 7 spell levels left.
You knew the following spells:

 Your Spells              Type           Power      Damage    Failure   Level
a - Sandblast             Erth           52%        2d12      1%          1
b - Stone Arrow           Conj/Erth      52%        3d10      4%          3

Your spell library contained the following spells:

 Spells                   Type           Power      Damage    Failure   Level
 Passwall                 Tmut/Erth      14%        N/A       4%          2
 Static Discharge         Conj/Air       14%        N/A       6%          2
 Petrify                  Tmut/Erth      17%        N/A       32%         4
 Tukima's Dance           Hex            3%         N/A       36%         3
 Sticky Flame             Conj/Fire      14%        2d4       38%         4
 Anguish                  Hex/Necr       1%         N/A       77%         4
 Dispel Undead            Necr           3%         3d7       77%         4
 Enfeeble                 Hex            1%         N/A       100%        7


Dungeon Overview and Level Annotations

Branches:
Dungeon (3/15)

Altars:

Annotations:
D:2 Natasha, Terence
D:3 Grinder


Message History

Press: ? - help, Shift-Dir - straight line, f/p - Grinder
Aim: Grinder (moderately wounded, 68% to hit)
The stone arrow hits Grinder!
Grinder is severely wounded.
The endoplasm barely misses you.
Unknown command.
Casting: Stone Arrow (dangerous; 4% risk of failure)
Confirm with . or Enter, or press ? or * to list all spells.
Aiming: Stone Arrow (dangerous; 4% risk of failure)
Press: ? - help, Shift-Dir - straight line, f/p - Grinder
Aim: Grinder (severely wounded, 68% to hit)
The stone arrow misses Grinder.
Grinder gestures at you. You resist with some effort.
The endoplasm freezes you.
You are frozen.
Casting: Stone Arrow (dangerous; 4% risk of failure)
Confirm with . or Enter, or press ? or * to list all spells.
Aiming: Stone Arrow (dangerous; 4% risk of failure)
Press: ? - help, Shift-Dir - straight line, f/p - Grinder
Aim: Grinder (severely wounded, 68% to hit)
The stone arrow misses Grinder.
Grinder says, "Just stop there for a second..."
The endoplasm misses you.
You hit Grinder.
Grinder is almost dead.
Grinder gestures at you. Pain shoots through your body!
The endoplasm barely misses you. Grinder hits you.
* * * LOW HITPOINT WARNING * * *
You writhe in agony.
* * * LOW HITPOINT WARNING * * *
It was a potion of ambrosia.
You are confused.
You feel invigorated. The endoplasm misses you. Grinder hits you!
* * * LOW HITPOINT WARNING * * *
You bump into the rock wall.
The endoplasm hits you.
* * * LOW HITPOINT WARNING * * *
Grinder hits you.
You die...

####### ##.#.....
#.###### #.# #. #
######### #.# #. #.
#.......# #.# #.
#.#(.###..#####.# #.
##...#..........#####.
#....5.#..########....
#.##.J@....# #..#.
#.#####.# #..## # ..#
#..## ### #..## #..##
#.... ####. ####.
##....


You could see Grinder and an endoplasm.

Vanquished Creatures
  2 black bears (D:3)
  A howler monkey (D:3)
  Ijyb (D:3)
  2 adders
  A worm (D:2)
  An orc (D:2)
  7 ball pythons
  3 endoplasms
  6 giant cockroaches
  6 goblins
  7 hobgoblins
  6 jackals
  8 kobolds
  5 quokkas
  7 bats
  3 frilled lizards
  A rat (D:2)
67 creatures vanquished.

Vanquished Creatures (others)
  11 plants (D:2)
11 creatures vanquished.

Grand Total: 78 creatures vanquished

Notes
Turn   | Place    | Note
-------+----------+-------------------------------------------
     0 | D:1      | acdeimund the Deep Elf Earth Elementalist began the quest
                  | for the Orb.
     0 | D:1      | Reached XP level 1. HP: 10/10 MP: 6/6
   292 | D:1      | Reached XP level 2. HP: 10/15 MP: 4/8
   467 | D:1      | Reached skill level 1 in Conjurations
  1010 | D:2      | Noticed Terence
  1122 | D:2      | Reached XP level 3. HP: 19/19 MP: 6/9
  1126 | D:2      | Learned a level 3 spell: Stone Arrow
  1191 | D:2      | Identified a scroll of acquirement
  1191 | D:2      | Acquired a staff of earth
  2377 | D:2      | Noticed Natasha
  2546 | D:3      | Noticed a black bear
  2607 | D:2      | Reached XP level 4. HP: 11/24 MP: 0/10
  2928 | D:3      | Noticed Ijyb
  2948 | D:3      | Killed Ijyb
  3311 | D:3      | Reached XP level 5. HP: 28/28 MP: 9/11
  3363 | D:3      | Killed a black bear
  3364 | D:3      | Reached skill level 5 in Earth Magic
  3519 | D:3      | Noticed a black bear
  3528 | D:3      | Killed a black bear
  3529 | D:3      | Reached skill level 5 in Conjurations
  3529 | D:3      | Reached XP level 6. HP: 33/33 MP: 2/12
  3642 | D:3      | Found a faded altar of an unknown god.
  3939 | D:3      | Noticed Grinder
  3948 | D:3      | Slain by Grinder

Illustrated notes

Levels and vault maps discovered:
D:1:      dpeg_arrival_houses_and_road, layout_loops_ring
D:2:      minmay_recursive_quarters, layout_basic, serial_bayou,
          serial_bayou_lagoon_a, serial_bayou_pond_b, serial_bayou_shore_b,
          serial_bayou_ford_a, serial_bayou_pond_a, uniq_terence, uniq_natasha
D:3:      layout_loops_cross, chequers_ecumenical_altar_twisty,
          minmay_misc_feat_hallway, uniq_grinder, uniq_ijyb

Skill      XL: |  1  2  3  4  5 |
---------------+----------------+-----
Conjurations   | 2 3 5 |  5.0
Earth Magic    | 4 5 |  5.3
Fighting       | |  0.3
Dodging        | |  2.7
Stealth        | |  2.7
Spellcasting   | |  3.2
Transmutations | |  1.1

Action                   |  1- 3 |  4- 6 || total
-------------------------+-------+-------++-------
Melee: Club              |     1 |       ||     1
       Dagger            |     1 |       ||     1
       Staff             |    45 |       ||    45
       Whip              |       |    36 ||    36
 Cast: Sandblast         |    49 |     6 ||    55
       Stone Arrow       |     8 |     8 ||    16
  Use: Scroll            |     4 |     4 ||     8
       Potion            |     3 |     1 ||     4
 Stab: Sleeping          |     3 |     2 ||     5
Armor: Robe              |    13 |     5 ||    18
Dodge: Dodged            |    48 |    36 ||    84
